 Dungeon Crawl Stone Soup version 0.29.1-15-g9cfb28693d (webtiles) character file.

Game seed: 3180467926489887525

7494 Shnitzal the Fighter (level 11, 0/62 HPs)
             Began as a Vine Stalker Fighter on Mar 5, 2023.
             Was an Initiate of Gozag.
             Slain by a six-headed hydra (4 damage)
             ... on level 10 of the Dungeon.
             The game lasted 00:36:26 (10930 turns).

Shnitzal the Fighter (Vine Stalker Fighter)        Turns: 10930, Time: 00:36:27

Health: 0/62       AC: 15    Str: 20    XL:     11   Next: 16%
Magic:  0/21       EV:  7    Int: 10    God:    Gozag
Gold:   625        SH: 11    Dex: 15    Spells: 22/22 levels left

rFire   . . .      SeeInvis .   G - +2 broad axe (flame)
rCold   . . .      Faith    .   c - +0 buckler
rNeg    + . .      Spirit   +   r - +0 chain mail
rPois   .          Reflect  +   i - +1 helmet
rElec   .          Harm     .   f - +0 cloak
rCorr   .          Rampage  .   (no gloves)
Will    +....                   u - +0 pair of boots
Stlth   ..........              L - amulet of reflection
HPRegen 1.00/turn               e - ring of positive energy
MPRegen 0.17/turn               (no ring)

@: no status effects
A: fangs 3, regeneration 1, magic shield, antimagic bite, no potion heal 2
a: Renounce Religion, Potion Petition, Call Merchant, Bribe Branch


You were on level 10 of the Dungeon.
You worshipped Gozag.
Gozag was pleased with you.
You visited 2 branches of the dungeon, and saw 11 of its levels.
You also visited: Ossuary.

You collected 1371 gold pieces.
You spent 650 gold pieces at shops.
You paid 96 gold pieces to Gozag.

Inventory:

Hand Weapons
 a - a +1 spectral war axe
 q - a +0 mace
 C - a +0 battleaxe
 G - a +2 broad axe of flaming (weapon)
Missiles
 m - 7 boomerangs
 D - 3 silver boomerangs
 H - 23 poisoned darts
Armour
 b - a +0 scale mail
 c - a +0 buckler (worn)
 f - a +0 cloak (worn)
 i - a +1 helmet (worn)
 l - a +0 leather armour
 r - a +0 chain mail (worn)
 u - a +0 pair of boots (worn)
Jewellery
 e - a ring of positive energy (left hand)
 L - an amulet of reflection (around neck)
Wands
 v - a wand of iceblast (1) (quivered)
 y - a wand of mindburst (9)
Scrolls
 s - 3 scrolls of teleportation
 E - a scroll of poison
 I - 5 scrolls of identify
 J - a scroll of amnesia
 K - 4 scrolls of enchant weapon
 M - a scroll of silence
Potions
 d - 2 potions of might
 g - 4 potions of flight
 h - 7 potions of curing
 j - a potion of brilliance {unknown}
 k - 3 potions of heal wounds
 n - 3 potions of ambrosia
 o - 6 potions of mutation
 p - a potion of haste
 t - 2 potions of invisibility {unknown}
 w - 3 potions of lignification
 x - 2 potions of resistance {unknown}
 z - 3 potions of attraction
 A - a potion of berserk rage {unknown}
 F - a potion of cancellation {unknown}


   Skills:
 * Level 9.4 Fighting
 + Level 6.7 Axes
 + Level 6.5 Armour
 + Level 7.0 Shields
 + Level 6.2 Spellcasting


You had 22 spell levels left.
You didn't know any spells.
Your spell library contained the following spells:

 Spells                   Type           Power      Damage    Failure   Level
 Foxfire                  Conj/Fire      12%        2x1d4     92%         1
 Magic Dart               Conj           12%        1d3       92%         1
 Sandblast                Erth           6%         2d5       92%         1
 Call Imp                 Summ           3%         N/A       98%         2
 Passwall                 Tmut/Erth      2%         N/A       98%         2
 Conjure Flame            Conj/Fire      3%         6-21      100%        3
 Gell's Gravitas          Tloc           3%         N/A       100%        3
 Inner Flame              Hex/Fire       3%         N/A       100%        3
 Lesser Beckoning         Tloc           3%         N/A       100%        3
 Mephitic Cloud           Conj/Pois/Air  3%         N/A       100%        3
 Stone Arrow              Conj/Erth      6%         3d7       100%        3
 Teleport Other           Tloc           3%         N/A       100%        3
 Flame Wave               Conj/Fire      3%         2d5       100%        4


Dungeon Overview and Level Annotations

Branches:
Dungeon (10/15)            Temple (1/1) D:6            Lair (0/5) D:10
    Orc (0/2) D:10        Ossuary (visited)

Altars:
Ashenzari
Cheibriados
Dithmenos
Elyvilon
Fedhas
Gozag
Hepliaklqana
Kikubaaqudgha
Makhleb
Nemelex Xobeh
Okawaru
Qazlal
Ru
Sif Muna
Trog
Uskayaw
Vehumet
Wu Jian
Xom
Yredelemnul
Zin
The Shining One

Shops:
D:1 ![[[   D:2 ?   D:8 *   D:10 ?


Innate Abilities, Weirdness & Mutations

You have razor-sharp teeth.
Your natural rate of healing is unusually fast.
When hurt, damage is shared between your health and your magic reserves.
Your bite disrupts and absorbs the magic of your enemies.
Potions cannot restore your health.


Message History

Your bite misses the two-headed ogre.
The two-headed ogre is almost dead.
You block the two-headed ogre's attack. x2
You hit the two-headed ogre. You burn the two-headed ogre.
You bite the two-headed ogre. You drain its power.
You feel invigorated.
The two-headed ogre is almost dead.
You chop one of the eight-headed hydra's heads off!
The flame cauterises the wound!
You slash the seven-headed hydra! You burn the seven-headed hydra.
You bite the seven-headed hydra. You drain its power.
You feel invigorated.
The seven-headed hydra is moderately wounded.
You completely miss the two-headed ogre.
The two-headed ogre hits you with a +0 giant spiked club!!
You block the two-headed ogre's attack.
The seven-headed hydra completely misses you.
You block the seven-headed hydra's attack.
The seven-headed hydra bites you.
The seven-headed hydra barely misses you.
You block the seven-headed hydra's attack.
The seven-headed hydra bites you. The seven-headed hydra bites you!
You lop one of the seven-headed hydra's heads off!
The flame cauterises the wound!
You slash the six-headed hydra! You burn the six-headed hydra.
You bite the six-headed hydra. You drain its power.
You feel invigorated.
The six-headed hydra is heavily wounded.
You hit the two-headed ogre but do no damage.
The six-headed hydra bites you.
The six-headed hydra bites you but does no damage.
The six-headed hydra bites you! The six-headed hydra bites you.
* * * LOW HITPOINT WARNING * * *
The six-headed hydra bites you.
* * * LOW HITPOINT WARNING * * *
The six-headed hydra barely misses you. You block the two-headed ogre's attack.
The two-headed ogre hits you with a +0 giant club!
* * * LOW HITPOINT WARNING * * *
The six-headed hydra bites you!
* * * LOW HITPOINT WARNING * * *
The six-headed hydra bites you.
You die...
Your body crumbles into a pile of gold.

## #. #. # #.
#.#######################.
#.........................
#.........................
#....<..D.................
#..)....O@................
.......#######'####+##......
#####..#..?..........'......
#..#.............#.###>#
#..#.............#.# ###
#..#.........#####.# #
#..#.........# ..# #
.≈#..<......# .# #
#≈##'≈###### #


You could see a six-headed hydra and a two-headed ogre.

Vanquished Creatures
  A two-headed ogre (D:9)
  A cyclops (D:8)
  2 ugly things (D:10)
  A shadow (D:9)
  A wyvern (D:10)
  2 vampire mosquitoes (D:10)
  4 steam dragons
  An acid dragon (D:8)
  3 water moccasins
  3 orc warriors
  3 sky beasts (D:6)
  An ice beast (D:7)
  An ogre (D:5)
  3 centaurs
  2 phantoms (D:6)
  2 kobold brigands
  An elf zombie (Ossuary)
  5 bullfrogs
  2 necrophages
  5 wights
  5 scorpions
  12 killer bees
  3 howler monkeys (D:9)
  3 centaur zombies (Ossuary)
  7 hounds
  2 human zombies (Ossuary)
  2 jellies (D:6)
  5 orc priests
  9 iguanas
  7 orc wizards
  3 mummies (Ossuary)
  10 gnolls
  10 adders
  A shadow imp (D:6)
  2 adder zombies (Ossuary)
  A worm (D:3)
  4 dart slugs
  33 orcs
  3 endoplasms
  4 giant cockroaches
  9 goblins
  11 hobgoblins
  4 jackals (D:1)
  12 kobolds
  2 quokkas
  8 ball pythons
  5 bats
  4 frilled lizards
  8 goblin zombies (Ossuary)
  5 hobgoblin zombies (Ossuary)
  2 jackal zombies (Ossuary)
  A kobold zombie (Ossuary)
  2 orc zombies (Ossuary)
  2 quokka zombies (Ossuary)
  6 rats
  6 rat zombies (Ossuary)
257 creatures vanquished.

Vanquished Creatures (others)
  An orc wizard (D:9)
1 creature vanquished.

Grand Total: 258 creatures vanquished

Notes
Turn   | Place    | Note
-------+----------+-------------------------------------------
     0 | D:1      | Shnitzal the Vine Stalker Fighter began the quest for the
                  | Orb.
     0 | D:1      | Reached XP level 1. HP: 11/11 MP: 2/2
    10 | D:1      | Found Runu Xij's Armour Shop.
   136 | D:1      | Reached XP level 2. HP: 10/16 MP: 3/3
   519 | D:1      | Found Iplinor's Distillery.
   666 | D:1      | Reached XP level 3. HP: 15/19 MP: 2/4
   756 | D:1      | Reached skill level 3 in Fighting
   788 | D:1      | Found Haor's Antique Armour Shoppe.
   903 | D:1      | Found Fiaze's Antique Armour Shoppe.
  1592 | D:2      | Gained mutation: Your natural rate of healing is unusually
                  | fast. [Vine Stalker growth]
  1592 | D:2      | Reached XP level 4. HP: 21/24 MP: 3/5
  1680 | D:2      | Found Mefemith's Magic Scroll Shoppe.
  2425 | D:3      | Reached XP level 5. HP: 23/28 MP: 4/6
  2818 | D:3      | Reached XP level 6. HP: 33/33 MP: 7/7
  2948 | D:4      | Reached skill level 4 in Fighting
  3249 | D:4      | Reached skill level 1 in Spellcasting
  3272 | D:4      | Reached XP level 7. HP: 38/38 MP: 9/9
  3457 | D:5      | Entered Level 5 of the Dungeon
  3820 | D:5      | Reached skill level 5 in Fighting
  3893 | D:5      | Found a sand-covered staircase.
  3901 | Ossuary  | Entered an ossuary
  3930 | Ossuary  | Gained mutation: You have razor-sharp teeth. [Vine Stalker
                  | growth]
  3930 | Ossuary  | Reached XP level 8. HP: 43/43 MP: 12/12
  4279 | D:5      | Found an ornate altar of the Wu Jian Council.
  4671 | D:5      | Found an opulent altar of Gozag.
  4708 | D:5      | Became a worshipper of Gozag Ym Sagoz the Greedy
  5017 | D:6      | Reached skill level 6 in Fighting
  5045 | D:6      | Reached skill level 5 in Shields
  5156 | D:6      | Reached XP level 9. HP: 44/48 MP: 12/15
  5202 | D:6      | Found a staircase to the Ecumenical Temple.
  5309 | Temple   | Entered the Ecumenical Temple
  5661 | D:6      | Reached skill level 5 in Armour
  5791 | D:6      | Reached skill level 5 in Axes
  6118 | D:6      | Reached skill level 7 in Fighting
  6862 | D:2      | Bought a scroll of identify for 22 gold pieces
  6862 | D:2      | Bought a scroll of acquirement for 572 gold pieces
  6862 | D:2      | Acquired a +2 broad axe of flaming
  7339 | D:7      | Reached XP level 10. HP: 28/56 MP: 8/18
  7408 | D:7      | Found a radiant altar of Vehumet.
  7578 | D:7      | Reached skill level 5 in Spellcasting
  7594 | D:7      | Reached skill level 8 in Fighting
  8322 | D:8      | Noticed a cyclops
  8422 | D:8      | Killed a cyclops
  8621 | D:8      | Found a blossoming altar of Fedhas.
  9104 | D:8      | Found Sulipa's Assorted Antiques.
  9463 | D:9      | Found a sacrificial altar of Ru.
  9570 | D:9      | Found a white marble altar of Elyvilon.
  9627 | D:9      | Noticed a two-headed ogre
  9635 | D:9      | Killed a two-headed ogre
 10216 | D:9      | Found a shimmering blue altar of Sif Muna.
 10396 | D:10     | Entered Level 10 of the Dungeon
 10447 | D:10     | Noticed a two-headed ogre
 10576 | D:10     | Found a staircase to the Lair.
 10584 | D:10     | Reached skill level 9 in Fighting
 10623 | D:10     | Reached XP level 11. HP: 52/62 MP: 15/20
 10679 | D:10     | Found an ornate altar of the Wu Jian Council.
 10723 | D:10     | Noticed a white ugly thing
 10723 | D:10     | Noticed a manticore
 10724 | D:10     | Noticed a cyclops
 10727 | D:10     | Noticed a white ugly thing
 10730 | D:10     | Noticed a skeletal warrior
 10735 | D:10     | Killed a white ugly thing
 10738 | D:10     | Noticed an orc knight
 10740 | D:10     | Killed a white ugly thing
 10743 | D:10     | Noticed a two-headed ogre
 10781 | D:10     | Found Luraolo's Magic Scroll Shoppe.
 10785 | D:10     | Bought a scroll of identify for 28 gold pieces
 10785 | D:10     | Bought a scroll of identify for 28 gold pieces
 10801 | D:10     | Found a staircase to the Orcish Mines.
 10925 | D:10     | Noticed an eight-headed hydra
 10930 | D:10     | Slain by a six-headed hydra

Illustrated notes

Levels and vault maps discovered:
D:1:      minmay_arrival_semitransparent, layout_loops_corners, serial_shops,
          nicolae_shop_trees, nicolae_shop_temple_entry_statues_fountains,
          nicolae_shop_waterfront, shop
D:2:      layout_loops_cross, serial_shops, nicolae_shop_statue_plus
D:3:      layout_basic
D:4:      layout_cave_pools, minmay_misc_feat_room
D:5:      nicolae_cairo_tiling_large, layout_loops_corners,
          pdpol_wu_jian_five_deadly_venoms, mainiacjoe_overflow_six_doors_small,
          chequers_ossuary_entry_cave, hangedman_abyss_or_decor_stabs
D:6:      cheibrodos_iron_armory, layout_basic, minmay_temple_entry_arrows,
          grunt_ministairs_11, st_stairs_5, grunt_tough_drop
D:7:      layout_loops_corners, nicolae_overflow_crystal_walls
D:8:      layout_gridville, fedhas_ov_isle_minmay, serial_shops,
          kennysheep_little_box, minmay_sticks_and_stones
D:9:      layout_loops_corners, hangedman_ru_absence, lemuel_round_altar,
          tgw_sif
D:10:     minmay_the_grid_octo_2x2 [minmay_the_grid_octo_teeth,
          minmay_the_grid_octo_fat_diamond,
          minmay_the_grid_octo_vomiting_pacman,
          minmay_the_grid_octo_prize_ultimate_mussel_roller],
          layout_irregular_city, dpeg_oklobed_lair, orc_0_dummy, serial_shops,
          shop, minivault_22, nicolae_water_bricks, uniq_psyche, uniq_maggie
Temple:   bh_familiar_temple

Skill      XL: |  1  2  3  4  5  6  7  8  9 10 11 |
---------------+----------------------------------+-----
Axes           | 2 3 4 5 6 |  6.7
Fighting       | 3 4 5 6 7 9 |  9.4
Shields        | 3 4 5 6 7 |  7.0
Armour         | 3 4 5 6 |  6.5
Spellcasting   | 1 2 3 4 5 6 |  6.2

Action                   |  1- 3 |  4- 6 |  7- 9 | 10-12 || total
-------------------------+-------+-------+-------+-------++-------
Melee: War axe           |    88 |   141 |   203 |       ||   432
       Bite              |    19 |    27 |    76 |    47 ||   169
       Broad axe         |       |       |    16 |   163 ||   179
Evoke: Wand              |       |       |     8 |     2 ||    10
  Use: Scroll            |       |    15 |     4 |     3 ||    22
       Potion            |       |       |     1 |     2 ||     3
 Stab: Distracted        |       |       |     1 |     2 ||     3
Armor: Scale mail        |    35 |    35 |       |       ||    70
       Chain mail        |       |    43 |    92 |   104 ||   239
Dodge: Dodged            |    36 |    68 |    49 |    83 ||   236
Block: Buckler           |    17 |    36 |    45 |    89 ||   187
